AoeStats
← AxingQuestions

African Clearing

505040590Analyzed
4v4 RM · 24d ago on Sep 7, 2026· 49m 17s· 8 players
Game mode
Random Map
Map size
Large (8 player)
Population
200
Speed
Normal
Resources
Standard
Victory
Conquest
Starting age
Dark Age
Ending age
Imperial Age
RankedLock teamsTeams togetherTeam positionsShared explorationLock speedFull tech treeHidden civsTurbo modeCheats
Victory
Defeat
🇹🇷 Hindustanis · Türkiye
1253
+14
🇨🇱 Magyars · Chile
1248
+14
🇺🇸 Dravidians · United States
1241
+15
🇳🇱 Japanese · Netherlands
1205
+16
🇬🇧 Bohemians · United Kingdom
1227
-15
🇭🇰 Dravidians · Hong Kong SAR China
1213
-15
🇬🇷 Japanese · Greece
1207
-15
🇭🇰 Vietnamese · Hong Kong SAR China
1187
-14
FirstPine3880
16:02 Feudal Age
17:07 Double-Bit Axe
20:19 Castle Age
18:36 Horse Collar
20:26 Fishing Lines
21:32 Bow Saw
23:08 Wheelbarrow
22:20 Loom
27:50 Gillnets
30:22 Hand Cart
29:53 Town Watch
32:07 Fervor
32:18 Sanctity
36:41 Imperial Age
34:17 Scale Mail Armor
34:28 Forging
34:10 Pikeman
34:51 Squires
36:47 Forging
36:54 Chain Mail Armor
36:49 Halberdier
40:00 Iron Casting
39:57 Plate Mail Armor
39:50 Elite Hussite Wagon
40:51 Conscription
42:25 Iron Casting
43:05 Wagenburg Tactics
44:17 Chemistry
43:26 Siege Engineers
46:23 Houfnice
Madeft
4:34 Loom
14:12 Feudal Age
18:24 Castle Age
17:32 Double-Bit Axe
17:28 Horse Collar
19:24 Wheelbarrow
20:05 Bow Saw
25:12 Man-at-Arms
25:40 Gambesons
25:56 Squires
26:30 Pikeman
27:07 Long Swordsman
29:57 Hand Cart
31:13 Forging
31:05 Scale Mail Armor
33:01 Iron Casting
37:46 Imperial Age
36:31 Chain Mail Armor
38:03 Two-Handed Swordsman
38:39 Halberdier
40:43 Plate Mail Armor
41:14 Blast Furnace
39:42 Champion
42:07 Conscription
43:30 Two-Man Saw
42:32 Heavy Plow
42:22 Capped Ram
44:35 Two-Man Saw
45:58 Hoardings
45:24 Yasama
45:45 Kataparuto
46:44 Fletching
YKY
14:41 Feudal Age
18:41 Castle Age
17:06 Stone Mining
17:34 Double-Bit Axe
22:10 Town Watch
23:03 Wheelbarrow
24:03 Loom
32:19 Elite Skirmisher
stormgoing
11:26 Loom
14:42 Feudal Age
16:02 Wheelbarrow
18:41 Castle Age
17:40 Double-Bit Axe
18:51 Pikeman
19:08 Elite Skirmisher
20:16 Squires
20:50 Fletching
34:46 Hand Cart
34:27 Horse Collar
42:10 Bow Saw
49:41 Thumb Ring
52:11 Imperial Age
AxingQuestions
12:37 Loom
14:49 Feudal Age
15:45 Double-Bit Axe
15:45 Horse Collar
18:33 Castle Age
16:43 Gold Mining
19:55 Thumb Ring
20:04 Fletching
21:23 Bow Saw
23:31 Heavy Plow
24:10 Bodkin Arrow
26:29 Ballistics
30:35 Wheelbarrow
32:22 Hand Cart
37:57 Imperial Age
36:33 Medical Corps
38:11 Scale Barding Armor
38:39 Bracer
39:41 Chemistry
38:04 Elite Elephant Archer
40:26 Conscription
40:57 Chain Barding Armor
41:24 Hoardings
41:49 Siege Elephant
43:38 Caravan
44:22 Block Printing
47:07 Two-Man Saw
Lewon
11:01 Loom
12:58 Feudal Age
14:39 Double-Bit Axe
17:00 Castle Age
16:03 Fletching
17:23 Crossbowman
18:57 Bodkin Arrow
30:56 Horse Collar
33:12 Wheelbarrow
33:55 Padded Archer Armor
37:44 Leather Archer Armor
37:49 Bow Saw
37:40 Heavy Plow
39:26 Hand Cart
39:06 Gold Mining
42:12 Imperial Age
40:45 Ballistics
41:04 Gold Shaft Mining
40:36 Town Watch
43:21 Thumb Ring
43:46 Murder Holes
43:37 Arbalester
45:20 Chemistry
44:52 Ring Archer Armor
44:23 Bracer
45:10 Town Patrol
45:00 Treadmill Crane
46:22 Stone Mining
47:35 Two-Man Saw
47:58 Kataparuto
47:59 Conscription
48:22 Kataparuto
ツ DeePDeBRiS ツ
5:59 Loom
13:16 Feudal Age
15:27 Double-Bit Axe
17:07 Horse Collar
17:50 Fletching
19:43 Padded Archer Armor
20:53 Gold Mining
25:59 Castle Age
26:29 Bloodlines
26:30 Forging
26:26 Scale Barding Armor
28:01 Iron Casting
27:46 Bow Saw
27:39 Heavy Plow
30:24 Husbandry
31:59 Wheelbarrow
36:41 Hand Cart
40:50 Imperial Age
38:36 Hand Cart
40:00 Leather Archer Armor
40:07 Chain Barding Armor
40:17 Ballistics
40:07 Masonry
39:25 Light Cavalry
42:37 Chemistry
42:39 Blast Furnace
42:10 Ring Archer Armor
43:13 Gold Shaft Mining
42:29 Stone Mining
42:34 Hussar
45:45 Stone Shaft Mining
45:49 Plate Barding Armor
46:27 Masonry
46:23 Siege Engineers
46:45 Town Watch
48:14 Grand Trunk Road
48:36 Conscription
49:52 Coinage
JC_Guzmán
4:47 Loom
13:29 Feudal Age
14:10 Double-Bit Axe
17:01 Scale Barding Armor
18:20 Bloodlines
18:07 Horse Collar
25:08 Castle Age
23:22 Stone Mining
24:12 Gold Mining
26:28 Fletching
27:19 Husbandry
28:16 Bodkin Arrow
28:09 Town Watch
30:07 Wheelbarrow
29:32 Town Patrol
34:52 Chain Barding Armor
35:58 Heavy Plow
36:14 Hand Cart
40:45 Imperial Age
41:30 Corvinian Army
42:13 Plate Barding Armor
41:00 Elite Magyar Huszar
42:02 Conscription
42:46 Hoardings
43:15 Crop Rotation
42:59 Bow Saw
44:35 Bracer
46:58 Two-Man Saw
47:31 Gold Shaft Mining
47:24 Padded Archer Armor
48:48 Leather Archer Armor
Connection lost

Rejoining the realm…

Still unreachable

The connection could not be restored.

Session expired

The server has moved on; the page needs a fresh start.